 Dungeon Crawl Stone Soup version 0.29-a0-676-ga64570c9d2 (webtiles) character file.

Game seed: 12477749022513520035

9 blackman the Sneak (level 2, 0/24 HPs)
             Began as a Human Delver on June 24, 2022.
             Was an Initiate of Zin.
             Hit by a boomerang thrown by a hobgoblin (7 damage)
             ... on level 3 of the Dungeon.
             The game lasted 00:02:56 (195 turns).

blackman the Sneak (Human Delver)                    Turns: 195, Time: 00:02:57

Health: 0/24       AC:  3    Str: 12    XL:     2   Next: 20%
Magic:  2/2        EV: 12    Int: 10    God:    Zin [......]
Gold:   0          SH:  0    Dex: 14    Spells: 1/1 levels left

rFire   . . .      SeeInvis .   a - +0 spear
rCold   . . .      Faith    .   (no shield)
rNeg    . . .      Spirit   .   b - +0 leather armour
rPois   .          Reflect  .   (no helmet)
rElec   .          Harm     .   (no cloak)
rCorr   .          Rampage  .   (no gloves)
Will    .....                   (no boots)
Stlth   +++.......              (no amulet)
HPRegen 0.08/turn               (no ring)
MPRegen 0.08/turn               (no ring)

@: no status effects
A: no striking features
a: Renounce Religion, Donate Gold


You were on level 3 of the Dungeon.
You worshipped Zin.
Zin was noncommittal.
You visited 2 branches of the dungeon, and saw 4 of its levels.

Inventory:

Hand Weapons
 a - a +0 spear (weapon)
Armour
 b - a +0 leather armour (worn)
 c - a +2 pair of gloves
Wands
 g - a wand of digging (1)


   Skills:
 - Level 3.0 Fighting
 * Level 1.3(2.0) Axes
 + Level 2.2(2.5) Polearms
 - Level 2.0 Dodging
 - Level 5.0 Stealth


You had one spell level left.
You didn't know any spells.
Your spell library was empty.

Dungeon Overview and Level Annotations

Branches:
Dungeon (5/15)             Temple (1/1) D:5

Altars:
Ashenzari
Dithmenos
Kikubaaqudgha
Makhleb
Nemelex Xobeh
Okawaru
Qazlal
Ru
Sif Muna
Trog
Uskayaw
Vehumet
Xom
Zin
The Shining One


Message History

The adder attacks as you move away! The adder closely misses you.
You hit the adder.
The adder is heavily wounded.
The adder barely misses you. x2
You hit the adder.
The adder is severely wounded.
The adder misses you.
You barely miss the adder. Your punch misses the adder.
The adder is severely wounded.
The adder barely misses you.
You miss the adder.
The adder is severely wounded.
The adder barely misses you. The adder completely misses you.
You barely miss the adder.
The adder is severely wounded.
The adder bites you.
You hit the adder.
The adder is almost dead.
The adder misses you.
You hit the adder.
You kill the adder!
Your base Axes skill increases to level 1!
You have reached level 2!
A hobgoblin comes into view.
The hobgoblin shouts!
You hit the hobgoblin but do no damage. You barely miss the hobgoblin.
The hobgoblin hits you.
You hit the hobgoblin but do no damage. The hobgoblin hits you.
* * * LOW HITPOINT WARNING * * *
The hobgoblin throws a boomerang.
The boomerang barely misses you.
The hobgoblin throws a boomerang.
The boomerang hits you but does no damage.
Found a Young Poisoner's Handbook.
The hobgoblin throws a boomerang.
The boomerang closely misses you.
You see here a +2 pair of gloves.
c - a +2 pair of gloves The hobgoblin throws a boomerang.
Keep equipping yourself?
The boomerang hits you!
You die...

#.## ### ##.#
#.########.#. .########
#............ ........#
#.######.#### ........#
#.# ##.###..
........####.####.####.#
..........g.............
.......@####.##.######.#
:.......# #(####
........# #.# ........#
#(# #+####### #.#####
#.#... #.#.## #....#
###..#


You could see a hobgoblin.

Vanquished Creatures
  An adder (D:3)
1 creature vanquished.

Notes
Turn   | Place    | Note
-------+----------+-------------------------------------------
     0 | D:5      | blackman the Human Delver began the quest for the Orb.
     0 | D:5      | Reached XP level 1. HP: 18/18 MP: 1/1
    18 | D:5      | Noticed an ice beast
    23 | D:5      | Found a staircase to the Ecumenical Temple.
    26 | D:5      | Noticed an orc wizard
    32 | Temple   | Entered the Ecumenical Temple
    52 | Temple   | Became a worshipper of Zin the Law-Giver
    62 | D:5      | Noticed a scorpion
    64 | D:5      | Noticed a scorpion
   180 | D:3      | Reached skill level 1 in Axes
   180 | D:3      | Reached XP level 2. HP: 8/24 MP: 2/2
   195 | D:3      | Hit by a boomerang thrown by a hobgoblin

Illustrated notes

Levels and vault maps discovered:
D:3:      layout_basic, elyvilon_altar_4,
          chequers_temple_overflow_statue_of_worship, uniq_grinder
D:4:      layout_rooms, minmay_manual_monstrance, uniq_pikel, uniq_eustachio
D:5:      layout_layer_cave, minmay_temple_entry_junction, serial_shops,
          nicolae_diamond_shop, nicolae_wooded_promenade, uniq_sigmund
Temple:   minmay_freezing_vapour_temple

Skill      XL: |  1 |
---------------+----+-----
Axes           | 1 |  1.3
Fighting       | |  3.0
Polearms       | |  2.2
Dodging        | |  2.0
Stealth        | |  5.0

Action                   || total
-------------------------++-------
Melee: Spear             ||    30
Throw: Dart              ||     3
Evoke: Wand              ||     2
  Use: Scroll            ||     3
       Potion            ||     1
 Stab: Sleeping          ||     1
Armor: Leather armour    ||     4
Dodge: Dodged            ||    18

Table legend: (Time is in decaauts)
 A = Elapsed time spent in this place.
 B = Non-inter-level travel time spent in this place.
 C = Inter-level travel time spent in this place.
 D = Time resting spent in this place.
 E = Time spent auto-exploring this place.
 F = Levels seen in this place.
 G = Mean time per level.
                   A        B        C        D        E       F      G
               +--------+--------+--------+--------+--------+-----+--------+
         Total |    175 |    167 |      8 |     29 |      6 |   4 |   43.8 |
       Dungeon |    158 |    158 |      0 |     29 |      0 |   3 |   52.7 |
        Temple |     16 |      8 |      8 |      0 |      6 |   1 |   16.0 |
               +--------+--------+--------+--------+--------+-----+--------+

Top non-repeatable levels by time:
     D:3: 83 daAuts
     D:5: 39 daAuts
     D:4: 35 daAuts
  Temple: 16 daAuts
